 Dungeon Crawl Stone Soup version 0.31.0-10-gcf4a605ca0 (webtiles) character file.

Game seed: 13955607014964331690

516 Sobieck the Shooter (level 7, 0/42 HPs)
             Began as a Tengu Hunter on Jan 25, 2024.
             Was an Initiate of Dithmenos.
             Slain by a centaur (2 damage)
             ... on level 4 of the Dungeon.
             The game lasted 00:08:43 (3435 turns).

Sobieck the Shooter (Tengu Hunter)                  Turns: 3435, Time: 00:08:43

Health: 0/42       AC:  3    Str: 12    XL:     7   Next: 20%
Magic:  8/8        EV: 17    Int:  9    God:    Dithmenos [......]
Gold:   205        SH:  0    Dex: 19    Spells: 6/6 levels left

rFire   . . .        a - +0 shortbow
rCold   + . .        (shield currently unavailable)
rNeg    . . .        j - +0 leather armour
rPois   .            (helmet restricted)
rElec   .            (no cloak)
rCorr   .            (no gloves)
SInv    .            (boots unavailable)
Will    .....        (no amulet)
Stlth   ++           c - ring of protection from cold
HPRegen 0.27/turn    (no ring)
MPRegen 0.11/turn

%: acrobat
@: mighty, flying
A: beak, talons 3, evasive flight, acrobatic
a: Renounce Religion


You were on level 4 of the Dungeon.
You worshipped Dithmenos.
Dithmenos was noncommittal.
You visited 1 branch of the dungeon, and saw 4 of its levels.

You collected 205 gold pieces.

Inventory:

Hand Weapons
 a - a +0 shortbow (weapon)
Missiles
 Z - a throwing net
Armour
 j - a +0 leather armour (worn)
 q - a +1 cloak
Jewellery
 c - a ring of protection from cold (left hand)
Scrolls
 b - 2 scrolls of blinking
 d - a scroll of brand weapon {unknown}
 e - a scroll of silence {unknown}
 f - a scroll of butterflies
 o - 3 scrolls of fear
 R - 2 scrolls of identify
 T - 2 scrolls of teleportation
Potions
 i - a potion of might
 m - 2 potions of ambrosia
 H - a potion of haste
 Q - 2 potions of curing


   Skills:
 + Level 3.8 Fighting
 * Level 6.7 Ranged Weapons
 + Level 4.1 Dodging
 + Level 3.5 Stealth


You had 6 spell levels left.
You didn't know any spells.
Your spell library was empty.

Dungeon Overview and Level Annotations

Branches:
Dungeon (4/15)
 Temple: D:4-7

Altars:
Dithmenos
Makhleb
Nemelex Xobeh
Xom

Annotations:
D:4 exclusion: centaur


Innate Abilities, Weirdness & Mutations

You have a beak for a mouth.
You have claws for feet.
Your magical flight helps you evade attacks. (EV +4)
You can magically evade attacks while moving or waiting.


Message History

Unknown command.
There is a broken door here.
There is a broken door here.
Things that are here:
a +0 whip; 6 poisoned darts Unknown command.
Things that are here:
a +0 short sword; 5 stones
There is a stone staircase leading down here.
Partly explored, can't reach some places.
Unknown command.
Unknown command.
The centaur shouts!
The centaur wields a +0 orcbow.
The centaur shoots an arrow.
The arrow completely misses you.
Danger!
The centaur shoots an arrow.
The arrow hits you!
The centaur shoots an arrow.
The arrow hits you!
The centaur shoots an arrow.
The arrow hits you!
* * * LOW HITPOINT WARNING * * *
The centaur shoots an arrow.
The arrow completely misses you.
The centaur unwields a +0 orcbow.
The centaur closely misses you. The centaur completely misses you.
Unknown command.
You shoot an arrow.
The arrow hits the centaur but does no damage.
The centaur misses you. The centaur kicks you.
* * * LOW HITPOINT WARNING * * *
The centaur hits you.
* * * LOW HITPOINT WARNING * * *
The centaur misses you.
You shoot an arrow. The arrow hits the centaur.
The centaur is lightly wounded.
The centaur hits you.
* * * LOW HITPOINT WARNING * * *
The centaur closely misses you.
The centaur hits you but does no damage.
The centaur kicks you but does no damage.
You shoot an arrow. The arrow hits the centaur.
The centaur is moderately wounded.
The centaur completely misses you.
The centaur kicks you but does no damage.
The centaur barely misses you. The centaur misses you.
You feel very mighty all of a sudden. The centaur hits you.
* * * LOW HITPOINT WARNING * * *
The centaur closely misses you.
Unknown command.
You shoot an arrow. The arrow barely misses the centaur.
The centaur hits you.
You die...

#..# #.#
#..##### ###..#
#.# #†.....#
.....# #.#
#.####.#
##...####.# #.#
#.# ..........#
###.# #.#
##...######
#...# #.# ....##
#.### #.# .####
########## #.#
#.# )#
#.....@c.# #.#
#.# .#
#>######.# #.#
#.# .# #.# #.#
#.# #.# .### #.#
#. #.# #.# ...#
#.# #. ##)## #.#
.#.########.####
#.####...#####.#
...............#
#......#.......#
.#.#######.###.#
######...#######
...# #.#
#.#########.##


You could see a centaur.

Vanquished Creatures
  An ogre (D:4)
  A kobold brigand (D:4)
  2 scorpions (D:4)
  A hound (D:4)
  A jelly (D:4)
  3 iguanas
  4 adders
  4 dart slugs
  4 ribbon worms
  6 orcs
  9 bats
  6 endoplasms
  3 giant cockroaches
  3 goblins
  3 hobgoblins
  3 quokkas
  6 ball pythons
  6 frilled lizards
  5 kobolds
  2 rats
73 creatures vanquished.

Notes
Turn   | Place    | Note
-------+----------+-------------------------------------------
     0 | D:1      | Sobieck the Tengu Hunter began the quest for the Orb.
     0 | D:1      | Reached XP level 1. HP: 12/12 MP: 2/2
   209 | D:1      | Reached XP level 2. HP: 17/17 MP: 3/3
   604 | D:1      | Reached XP level 3. HP: 20/21 MP: 4/4
   939 | D:2      | Reached skill level 5 in Ranged Weapons
   961 | D:3      | Found a burning altar of Makhleb.
  1009 | D:3      | Reached XP level 4. HP: 17/27 MP: 5/5
  1010 | D:3      | Reached skill level 3 in Dodging
  1926 | D:4      | Reached XP level 5. HP: 32/32 MP: 6/6
  1957 | D:4      | Found a shimmering altar of Xom.
  2011 | D:4      | Noticed a centaur
  2075 | D:4      | Reached skill level 3 in Fighting
  2162 | D:4      | Noticed a kobold brigand
  2331 | D:4      | Noticed an ogre
  2523 | D:4      | Found a shadowy altar of Dithmenos.
  2537 | D:4      | Became a worshipper of Dithmenos the Shadowed
  2587 | D:4      | Reached skill level 6 in Ranged Weapons
  2587 | D:4      | Reached XP level 6. HP: 16/37 MP: 7/7
  2979 | D:4      | Found a sparkling altar of Nemelex Xobeh.
  2984 | D:4      | Reached skill level 3 in Stealth
  3198 | D:4      | Gained mutation: Your magical flight helps you evade
                  | attacks. (EV +4) [Tengu growth]
  3198 | D:4      | Reached XP level 7. HP: 42/42 MP: 8/8
  3434 | D:4      | HP: 1/42 [centaur (6)]
  3435 | D:4      | Slain by a centaur

Illustrated notes

Levels and vault maps discovered:
D:1:      evilmike_arrival_rings, layout_loops_cross
D:2:      layout_basic, kennysheep_cross_room
D:3:      layout_loops_cross, overflow_temple_1_default, minmay_box_of_dots
D:4:      layout_loops_ring, grunt_dithmenos_smoke_and_mirrors,
          mainiacjoe_overflow_tiny_flanked, xom_teletrap_fun,
          nicolae_nh_ransacked_shop

Skill      XL: |  1  2  3  4  5  6 |
---------------+-------------------+-----
Ranged Weapons | 5 6 |  6.7
Stealth        | 2 3 |  3.5
Dodging        | 3 4 |  4.1
Fighting       | 3 |  3.8

Action                     |  1- 3 |  4- 6 |  7- 9 || total
---------------------------+-------+-------+-------++-------
   Fire: Shortbow          |    93 |   170 |    13 ||   276
    Use: Potion            |       |     2 |     1 ||     3
         Scroll            |       |     9 |       ||     9
 Armour: Leather armour    |    22 |    44 |    16 ||    82
  Dodge: Dodged            |    29 |    53 |    14 ||    96
